 Dungeon Crawl Stone Soup version 0.21-a0-361-g4efd3f9 (webtiles) character file.

9529 4thArraOfDagon the Skirmisher (level 11, -1/84 HPs)
             Began as a Mummy Enchanter on Oct 13, 2017.
             Was an Elder of Makhleb.
             Slain by a yak (10 damage)
             ... on level 11 of the Dungeon.
             The game lasted 00:45:58 (9889 turns).

4thArraOfDagon the Skirmisher (Mummy Enchanter)     Turns: 9889, Time: 00:46:00

Health: -1/84      AC: 12    Str: 11    XL:     11   Next: 24%
Magic:  19/20      EV: 13    Int: 19    God:    Makhleb [****..]
Gold:   461        SH:  0    Dex: 12    Spells: 9/22 levels left

rFire    x x .     SeeInvis .   E - +1 rapier (elec)
rCold    + + .     Gourm    .   (no shield)
rNeg     + + +     Faith    .   d - +2 robe {Archmagi}
rPois    ∞         Spirit   .   R - +2 hat
rElec    .         Reflect  .   e - +0 cloak
rCorr    .         Harm     .   l - +0 pair of gloves
MR       +....                  f - +2 pair of boots
Stlth    ++........             g - amulet of magic regeneration
HPRegen  0.24/turn              U - ring of wizardry
MPRegen  0.42/turn              u - ring of ice

@: no status effects
A: no food or potions, fire vulnerability, cold resistance 1, negative energy
resistance 3, torment resistance, unbreathing
a: Minor Destruction, Lesser Servant of Makhleb, Major Destruction, Renounce
Religion


You were on level 11 of the Dungeon.
You worshipped Makhleb.
Makhleb was greatly pleased with you.
You were not hungry.

You visited 1 branch of the dungeon, and saw 11 of its levels.
You also visited: Labyrinth and Ossuary.

You collected 665 gold pieces.
You spent 204 gold pieces at shops.

Inventory:

Hand Weapons
 C - a +0 long sword
 D - a +0 hand axe
 E - a +1 rapier of electrocution (weapon)
 P - the +7 flail "Nonahol" {freeze, +Inv rElec rC+}
   (You found it in a labyrinth)

   It has been specially enchanted to freeze those struck by it, causing extra
   injury to most foes and up to half again as much damage against particularly
   susceptible opponents.
   It can also slow down cold-blooded creatures.
   It protects you from cold.
   It insulates you from electricity.
   It lets you turn invisible.
 Q - the +7 flail of Profit {freeze, MR+}
   (You found it in a labyrinth)

   It has been specially enchanted to freeze those struck by it, causing extra
   injury to most foes and up to half again as much damage against particularly
   susceptible opponents.
   It can also slow down cold-blooded creatures.
   It affects your resistance to hostile enchantments.
 Z - a +6 blowgun
Missiles
 i - a poisoned javelin
 w - 3 javelins (quivered)
 y - 8 curare-tipped needles
Armour
 b - a +0 robe
 d - a +2 robe of the Archmagi (worn)
 e - a +0 cloak (worn)
 f - a +2 pair of boots (worn)
 l - a +0 pair of gloves (worn)
 q - a +0 ring mail
 x - a +0 ring mail
 H - a +3 scale mail of magic resistance
 R - a +2 hat (worn)
 S - a +1 robe of fire resistance
 T - a +1 troll leather armour
Jewellery
 a - an uncursed ring of fire
 g - an amulet of magic regeneration (around neck)
 n - an uncursed ring of protection from magic
 u - a ring of ice (right hand)
 L - an uncursed ring of positive energy
 O - a +4 ring of strength
 U - a ring of wizardry (left hand)
Wands
 s - a wand of polymorph (11/24)
 v - a wand of confusion (29/48)
 K - a wand of flame (32/48)
 M - a wand of paralysis (14/24)
 N - a wand of digging (10/24)
 V - a wand of flame (41/48)
 W - a wand of polymorph (10/24)
Scrolls
 h - 2 scrolls of amnesia
 j - 3 scrolls of fog {unknown}
 k - a scroll of teleportation
 m - 3 scrolls of enchant armour
 o - a scroll of magic mapping
 p - a scroll of noise
 r - 5 scrolls of remove curse
 t - 3 scrolls of recharging
 z - a scroll of vulnerability
 A - 2 scrolls of fear
 B - a scroll of enchant weapon
 F - 2 scrolls of brand weapon
 I - a scroll of torment
Books
 c - a book of Maledictions

   Spells                             Type                      Level
   a - Corona                         Hexes                        1
   b - Ensorcelled Hibernation        Hexes/Ice                    2
   c - Confuse                        Hexes                        3
   d - Tukima's Dance                 Hexes                        3
   e - Dazzling Spray                 Conjuration/Hexes            3
 G - a book of Enchantments

   Spells                             Type                      Level
   a - Cause Fear                     Hexes                        4
   b - Yara's Violent Unravelling     Hexes/Transmutation          5
   c - Silence                        Hexes/Air                    5
   d - Deflect Missiles               Charms/Air                   6
   e - Discord                        Hexes                        8
 J - a book of Geomancy

   Spells                             Type                      Level
   a - Sandblast                      Earth                        1
   b - Passwall                       Transmutation/Earth          2
   c - Stone Arrow                    Conjuration/Earth            3
   d - Petrify                        Transmutation/Earth          4
   e - Lee's Rapid Deconstruction     Earth                        5
 X - a book of Air

   Spells                             Type                      Level
   a - Shock                          Conjuration/Air              1
   b - Swiftness                      Charms/Air                   2
   c - Static Discharge               Conjuration/Air              3
   d - Airstrike                      Air                          4
   e - Lightning Bolt                 Conjuration/Air              5
 Y - a book of Frost

   Spells                             Type                      Level
   a - Freeze                         Ice                          1
   b - Throw Frost                    Conjuration/Ice              2
   c - Ozocubu's Armour               Charms/Ice                   3
   d - Throw Icicle                   Conjuration/Ice              4
   e - Summon Ice Beast               Ice/Summoning                4


   Skills:
 - Level 7.4 Fighting
 - Level 3.0(5.2) Short Blades
 - Level 6.6(7.0) Long Blades
 - Level 1.2 Axes
 + Level 4.7 Armour
 - Level 3.0 Dodging
 - Level 2.4 Stealth
 + Level 6.1 Spellcasting
 * Level 0.4 Conjurations
 - Level 2.6 Hexes
 * Level 6.9 Ice Magic
 - Level 5.6 Invocations


You had 9 spell levels left.
You knew the following spells:

 Your Spells              Type           Power        Failure   Level  Hunger
a - Corona                Hex            ###....      1%          1    N/A
b - Ensorcelled Hibernat  Hex/Ice        ######       1%          2    N/A
c - Confuse               Hex            ###.....     4%          3    N/A
d - Tukima's Dance        Hex            ###.....     4%          3    N/A
e - Throw Icicle          Conj/Ice       #####...     10%         4    N/A

Dungeon Overview and Level Annotations

Branches:
Dungeon (11/15)               Orc (0/2) D:9
 Temple: D:4-7         Lair: D:8-11

Altars:
Ashenzari
Dithmenos
Kikubaaqudgha
Makhleb
Nemelex Xobeh
Qazlal
Xom
Yredelemnul
Zin
The Shining One

Shops:
D:4 %   D:6 (   D:8 [

Annotations:
D:7 1 transporter
D:8 1 runed door


Innate Abilities, Weirdness & Mutations

You do not eat or drink.
Your flesh is vulnerable to fire.
You are immune to poison.
Your flesh is cold resistant. (rC+)
You are immune to negative energy. (rN+++)
You are immune to unholy pain and torment.
You can survive without breathing.


Message History

You swap places.
A yak comes into view.
You see here a box of beasts.
Unknown command.
You can't carry that many items.
You swap places.
Unknown command.
You swap places.
Unknown command.
Casting: Confuse
Confirm with . or Enter, or press ? or * to list all spells.
Aiming: Ensorcelled Hibernation
Press: ? - help, Shift-Dir - straight line, f - yak
Aim: a yak (chance to defeat MR: 72%)
You feel a strong surge of power!
The yak looks drowsy...
Unknown command. 2 yaks come into view.
The yak bellows!
The yak gores you!
You die...

******* ,,,,,,*
,****,********
,,,,,,,,,,,,,*
,*,,,,,,,,,,,########
,,,,,,,,,,Y,,#.Y@.34#
,,,,,,,,,Y.....:.##†#
,,,,,,,,,Y.?.#.#.##.###
,,,,,*,,,...,#.#......#
,*****,,,.,,,.,####.#<#
,,* **,,,,,..,***#.#.#
*,* *,,,,..,,,,,..#.#
,** *,,,...,***####.#
** *,,,,,,,* #.#


You could see 3 yaks, a friendly hellwing and a friendly smoke demon.

Vanquished Creatures
  3 two-headed ogres
  A cyclops (D:11)
  A troll (D:8)
  Grinder (D:6)
  A hornet (D:10)
  Prince Ribbit (D:7)
  A minotaur skeleton (Lab)
  A hippogriff (D:9)
  Sigmund (D:6)
  2 hungry ghosts
  Eustachio (D:6)
  Menkaure (D:6)
  2 orc warriors
  4 black bears
  A sky beast (D:6)
  An ice beast (D:9)
  5 ogres
  2 centaurs
  Blork the orc (D:6)
  An elf zombie (Ossuary)
  A scorpion (D:6)
  A crimson imp (D:10)
  The ghost of DEFE the Charmwright, a weakling DESk (D:3)
  3 centaur zombies (Ossuary)
  3 jellies
  2 hounds
  A quasit (D:8)
  2 gnoll shamans
  9 orc priests
  A bullfrog skeleton (D:6)
  A centaur skeleton (D:7)
  6 worker ants
  An iguana (D:9)
  5 orc wizards
  2 ogre zombies (Ossuary)
  A hound zombie (D:8)
  7 mummies (Ossuary)
  10 gnolls
  A howler monkey skeleton (D:10)
  10 adders
  3 shadow imps
  2 oozes
  6 adder zombies (Ossuary)
  2 adder skeletons
  A dart slug (D:2)
  6 worms
  2 leopard geckos
  37 orcs
  3 giant cockroaches
  A gnoll zombie (Ossuary)
  7 goblins
  13 hobgoblins
  12 kobolds
  6 quokkas
  12 bats
  6 frilled lizards
  2 goblin zombies (Ossuary)
  7 hobgoblin zombies (Ossuary)
  4 kobold zombies (Ossuary)
  A leopard gecko skeleton (D:5)
  2 leopard gecko zombies
  4 quokka zombies
  7 rats
  2 rat zombies (Ossuary)
248 creatures vanquished.

Vanquished Creatures (collateral kills)
  A minotaur (Lab)
  A centaur warrior (D:8)
  A two-headed ogre (D:9)
  2 skeletal warriors (D:11)
  A manticore (D:11)
  A hippogriff (D:8)
  A sky beast (D:8)
  A necrophage (D:9)
  A phantom (D:9)
  A quasit (D:8)
  4 lava snakes (Lab)
  A worker ant (D:8)
  An orc wizard (D:11)
  A killer bee zombie (D:8)
  An adder (D:8)
  A howler monkey skeleton (D:8)
  An orc (D:11)
21 creatures vanquished.

Grand Total: 269 creatures vanquished

Notes
Turn   | Place    | Note
-------+----------+-------------------------------------------
     0 | D:1      | 4thArraOfDagon the Mummy Enchanter began the quest for the Orb.
     0 | D:1      | Reached XP level 1. HP: 13/13 MP: 4/4
    58 | D:3      | Found a glowing silver altar of Zin.
    58 | D:3      | Found a burning altar of Makhleb.
    70 | D:3      | Found a shattered altar of Ashenzari.
    77 | D:3      | Became a worshipper of Makhleb the Destroyer
    84 | D:3      | Noticed DEFE's ghost (weakling DESk)
   166 | D:1      | Reached skill level 1 in Short Blades
   302 | D:2      | Reached XP level 2. HP: 10/19 MP: 1/5
   331 | D:2      | Learned a level 2 spell: Ensorcelled Hibernation
   604 | D:1      | Reached * piety under Makhleb
   729 | D:1      | Reached XP level 3. HP: 16/24 MP: 2/7
   734 | D:1      | Learned a level 3 spell: Confuse
  1038 | D:2      | Reached XP level 4. HP: 9/30 MP: 3/8
  1601 | D:3      | Reached ** piety under Makhleb
  1601 | D:3      | Reached skill level 1 in Fighting
  1690 | D:3      | Killed DEFE's ghost
  1690 | D:3      | Reached skill level 1 in Armour
  1720 | D:3      | Reached XP level 5. HP: 18/37 MP: 9/9
  1823 | D:4      | Noticed an ogre
  1829 | D:4      | Killed an ogre
  1829 | D:4      | Reached skill level 2 in Fighting
  2016 | D:4      | Reached XP level 6. HP: 37/46 MP: 1/10
  2108 | D:4      | Found a shadowy altar of Dithmenos.
  2246 | D:4      | Noticed an orc warrior
  2343 | D:4      | Found Olegannush's Food Boutique.
  2360 | D:4      | Killed an orc warrior
  2360 | D:4      | Reached skill level 1 in Ice Magic
  2446 | D:5      | Entered Level 5 of the Dungeon
  2549 | D:5      | Found a glowing golden altar of the Shining One.
  2565 | D:5      | Found a basalt altar of Yredelemnul.
  2598 | D:5      | Reached skill level 3 in Fighting
  2642 | D:5      | Reached XP level 7. HP: 25/52 MP: 2/11
  2932 | D:6      | Noticed Sigmund
  3061 | D:6      | Noticed Blork the orc
  3075 | D:6      | Killed Blork the orc
  3090 | D:6      | Found Lelon's Weapon Shoppe.
  3167 | D:6      | Killed Sigmund
  3167 | D:6      | Reached skill level 1 in Long Blades
  3167 | D:6      | Reached skill level 1 in Axes
  3283 | D:7      | Reached *** piety under Makhleb
  3295 | D:7      | Reached skill level 4 in Fighting
  3295 | D:7      | Reached XP level 8. HP: 60/60 MP: 4/12
  3492 | D:6      | Bought a +1 rapier of electrocution for 204 gold pieces
  3616 | D:6      | Noticed Grinder
  3630 | D:6      | Killed Grinder
  3734 | D:6      | Noticed Eustachio
  3763 | D:6      | Killed Eustachio
  3769 | D:6      | Noticed Menkaure
  3804 | D:6      | Found a shimmering altar of Xom.
  3847 | D:6      | Killed Menkaure
  3847 | D:6      | Reached skill level 5 in Fighting
  5502 | D:7      | Noticed Prince Ribbit
  5532 | D:7      | Killed Prince Ribbit
  5550 | D:7      | Reached XP level 9. HP: 68/68 MP: 13/13
  5592 | D:7      | Found a basalt altar of Yredelemnul.
  5671 | D:7      | Reached skill level 5 in Long Blades
  5755 | D:7      | Found a sparkling altar of Nemelex Xobeh.
  5872 | D:7      | Found a transporter.
  5877 | D:7      | Reached **** piety under Makhleb
  6253 | D:8      | Found a runed door.
  6314 | D:8      | Found a sand-covered staircase.
  6329 | Ossuary  | Entered an ossuary
  6555 | Ossuary  | Reached skill level 6 in Fighting
  6555 | Ossuary  | Reached skill level 1 in Invocations
  6775 | D:8      | Found Vegeogu's Armour Shoppe.
  6824 | D:8      | Reached ***** piety under Makhleb
  6913 | D:8      | Found a stormy altar of Qazlal.
  6915 | D:8      | Found a runed door.
  7015 | D:8      | Learned a level 3 spell: Tukima's Dance
  7104 | D:8      | Noticed a two-headed ogre
  7119 | D:8      | Killed a two-headed ogre
  7119 | D:8      | Reached skill level 5 in Ice Magic
  7150 | D:8      | Noticed a centaur warrior
  7160 | D:8      | Killed a centaur warrior
  7160 | D:8      | Reached XP level 10. HP: 44/77 MP: 11/16
  7505 | D:9      | Noticed a two-headed ogre
  7534 | D:9      | Killed a two-headed ogre
  7644 | D:9      | Found a staircase to the Orcish Mines.
  7681 | D:9      | Found an ancient bone altar of Kikubaaqudgha.
  7945 | D:10     | Entered Level 10 of the Dungeon
  8059 | D:10     | Noticed a two-headed ogre
  8077 | D:10     | Killed a two-headed ogre
  8077 | D:10     | Reached skill level 5 in Spellcasting
  8125 | D:10     | Noticed a two-headed ogre
  8138 | D:10     | Killed a two-headed ogre
  8138 | D:10     | Reached skill level 7 in Fighting
  8382 | D:10     | Reached skill level 5 in Invocations
  8440 | D:11     | Noticed a cyclops
  8447 | D:11     | Killed a cyclops
  8447 | D:11     | Reached XP level 11. HP: 82/84 MP: 16/19
  8456 | D:11     | Found a labyrinth entrance.
  8469 | D:11     | Noticed a skeletal warrior
  8478 | D:11     | Noticed a skeletal warrior
  8486 | D:11     | Killed a skeletal warrior
  8506 | D:11     | Killed a skeletal warrior
  8523 | Lab      | Entered a labyrinth
  9726 | Lab      | Noticed a minotaur
  9739 | Lab      | Killed a minotaur
  9745 | Lab      | Got a crude flail
  9745 | Lab      | Got a crystal flail
  9761 | D:11     | Learned a level 4 spell: Throw Icicle
  9767 | D:11     | Identified the +7 flail "Nonahol" {freeze, +Inv rElec rC+} (You found it in a labyrinth)
  9768 | D:11     | Identified the +7 flail of Profit {freeze, MR+} (You found it in a labyrinth)
  9814 | D:11     | Noticed a skeletal warrior
  9889 | D:11     | Slain by a yak

Vault maps used:
D:1:      lemuel_arrival_river_ford
D:3:      minitemple, minmay_misc_feat_room
D:4:      kennysheep_mini_moat, serial_shops, shop, serial_glass,
          glass_columns_c, glass_columns_c, glass_columns_a, glass_columns_b,
          glass_columns_a, glass_columns_b, glass_columns_a, glass_columns_b,
          chequers_big_river, hangedman_glass_teeth
D:5:      kennysheep_little_box, first_bread, basic_altar, st_stairs_8,
          minmay_misc_feat_x
D:6:      overflow_temple_1_default, serial_shops, shop, uniq_menkaure,
          uniq_eustachio, uniq_sigmund, uniq_blork_the_orc, uniq_grinder
D:7:      gammafunk_beogh_shrine, yredelemnul_altar_generic,
          nemelex_xobeh_ov_fountains_minmay, temple_green, the_bakery,
          kennysheep_cluttered_room, uniq_prince_ribbit1
D:8:      cheibrodos_histonic, nicolae_overflow_crystal_walls, enter_ossuary_4,
          serial_shops, shop, minivault_27
D:9:      kiku_gazebo_pond_becter, orc_0_dummy, minmay_diamond_spiral
D:10:     lair_entry_dummy, serial_shops, shop, uniq_erolcha
D:11:     lab_entry_generic, amethyst_killhole, kennysheep_flooded_box
Lab:      nicolae_lab_checkerboard, labyrinth_lava_lair, nicolae_lab_quarters,
          lab_block
Ossuary:  ossuary_boxes_badplayer

Skill      XL: |  1  2  3  4  5  6  7  8  9 10 11 |
---------------+----------------------------------+-----
Short Blades   | 1 2 3 |  3.0
Fighting       | 1 2 3 4 5 6 7 |  7.4
Armour         | 1 2 3 4 |  4.7
Dodging        | 2 3 |  3.0
Ice Magic      | 1 3 4 5 6 |  6.9
Long Blades    | 1 4 6 |  6.6
Axes           | 1 |  1.2
Spellcasting   | 4 5 6 |  6.1
Invocations    | 3 5 |  5.6
Stealth        | |  2.4
Conjurations   | |  0.4
Hexes          | |  2.6

Action                   |  1- 3 |  4- 6 |  7- 9 | 10-12 || total
-------------------------+-------+-------+-------+-------++-------
Melee: Dagger            |   107 |    90 |    49 |       ||   246
       Rapier            |       |       |   309 |   145 ||   454
Throw: Javelin           |     8 |    23 |    26 |     3 ||    60
       Throwing net      |       |       |     1 |       ||     1
 Cast: Corona            |     5 |       |     5 |     3 ||    13
       Ensorcelled Hiber |    39 |    48 |    60 |    16 ||   163
       Confuse           |       |     7 |    22 |    25 ||    54
Invok: Minor Destruction |       |       |     2 |    24 ||    26
       Lesser Servant of |       |       |     1 |    15 ||    16
Evoke: Wand              |       |       |     1 |       ||     1
  Use: Scroll            |       |       |    13 |    10 ||    23
 Stab: Sleeping          |    21 |    28 |    46 |    14 ||   109
       Confused          |       |     3 |     5 |       ||     8
       Distracted        |       |       |     1 |     1 ||     2
Armor: Robe              |    58 |    33 |   110 |    43 ||   244
Dodge: Dodged            |    92 |    80 |   235 |    64 ||   471

Table legend:
 A = Spawn XP
 B = Non-spawn XP
 C = Spawn XP percentage of total XP
 D = Spawn monster count
 E = Non-spawn monster count
 F = Spawn count percentage of total count
 G = Total turns spent on level
                    A         B        C        D         E        F      G
               +---------+---------+-------+---------+---------+-------+---------
         Total |       0 |   13614 |   0.0 |       0 |     269 |   0.0 |  9889
               +---------+---------+-------+---------+---------+-------+---------
           D:1 |       0 |      32 |   0.0 |       0 |      23 |   0.0 |   520
           D:2 |       0 |     116 |   0.0 |       0 |      33 |   0.0 |  1051
           D:3 |       0 |     135 |   0.0 |       0 |      26 |   0.0 |  1098
           D:4 |       0 |     430 |   0.0 |       0 |      16 |   0.0 |   960
           D:5 |       0 |     185 |   0.0 |       0 |      10 |   0.0 |   848
           D:6 |       0 |    1479 |   0.0 |       0 |      22 |   0.0 |   996
           D:7 |       0 |     861 |   0.0 |       0 |      24 |   0.0 |   704
           D:8 |       0 |    2762 |   0.0 |       0 |      24 |   0.0 |   731
           D:9 |       0 |    1658 |   0.0 |       0 |      17 |   0.0 |   634
          D:10 |       0 |    2637 |   0.0 |       0 |      19 |   0.0 |   483
          D:11 |       0 |    1767 |   0.0 |       0 |      11 |   0.0 |   235
           Lab |       0 |    1099 |   0.0 |       0 |       7 |   0.0 |  1226
       Ossuary |       0 |     453 |   0.0 |       0 |      37 |   0.0 |   403
               +---------+---------+-------+---------+---------+-------+---------
